| TOP OF THE 1ST |
|
Minot Jets batting - Pitching for Medicine Hat Blue Jays : LHP Chris Green
|
|
Pitching: LHP Chris Green
|
|
|
Batting: RHB Tony Beal
|
0-0: Swinging Strike 0-1: Fly out, F8 (Flyball, 8LS, EV 78.8 MPH)
|
|
Batting: SHB Ken Kinnard
|
0-0: Called Strike 0-1: Foul Ball, location: 2F 0-2: Foul Ball, location: 2F 0-2: Strikes out looking
|
|
Batting: LHB Douglas Reibel
|
0-0: Called Strike 0-1: Swinging Strike 0-2: Foul Ball, location: 2F 0-2: Strikes out swinging
|
| Top of the 1st over - 0 runs, 0 hits, 0 errors, 0 left on base; Minot 0 - Medicine Hat 0 |
| BOTTOM OF THE 1ST |
|
Medicine Hat Blue Jays batting - Pitching for Minot Jets : RHP Ozzie Canseco
|
|
Pitching: RHP Ozzie Canseco
|
|
|
Batting: LHB Jeffrey Wilson
|
0-0: Ball 1-0: Foul Ball, location: 2F 1-1: SINGLE (Groundball, 4M, EV 90.0 MPH) (infield hit)
|
|
Batting: RHB Burt Milley
|
0-0: Called Strike 0-1: Foul Ball, location: 2F 0-2: Strikes out looking
|
|
Batting: RHB Elias Corona
|
0-0: Called Strike 0-1: Called Strike 0-2: Foul Ball, location: 2F 0-2: Fly out, F8 (Flyball, 8RXD, EV 103.1 MPH)
|
|
Batting: RHB Carlos Ponce
|
0-0: Ball Wild Pitch! Jeffrey Wilson to second 1-0: Foul Ball, location: 2F 1-1: Foul Ball, location: 2F 1-2: Ball 2-2: Fly out, F7 (Flyball, 78M, EV 86.9 MPH)
|
| Bottom of the 1st over - 0 runs, 1 hit, 0 errors, 1 left on base; Minot 0 - Medicine Hat 0 |
| TOP OF THE 2ND |
|
Minot Jets batting - Pitching for Medicine Hat Blue Jays : LHP Chris Green
|
|
Batting: RHB Troy Afenir
|
0-0: Ball 1-0: SINGLE (Line Drive, 9S, EV 106.9 MPH)
|
|
Batting: RHB Jim Dickerson
|
0-0: Called Strike 0-1: Ball 1-1: Ball 2-1: Foul Ball, location: 2F 2-2: Fly out, F8 (Flyball, 8RM, EV 88.1 MPH)
|
|
Batting: RHB William Phillips
|
0-0: Ball 1-0: Foul Ball, location: 2F 1-1: Swinging Strike 1-2: Ball Wild Pitch! Troy Afenir to second 2-2: Foul Ball, location: 2F 2-2: Ground out 5-3 (Groundball, 5S, EV 82.5 MPH)
|
|
Batting: RHB Henry Gatewood
|
0-0: Ground out 6-3 (Groundball, 6, EV 86.3 MPH)
|
| Top of the 2nd over - 0 runs, 1 hit, 0 errors, 1 left on base; Minot 0 - Medicine Hat 0 |
| BOTTOM OF THE 2ND |
|
Medicine Hat Blue Jays batting - Pitching for Minot Jets : RHP Ozzie Canseco
|
|
Batting: LHB Alberto Chino
|
0-0: Swinging Strike 0-1: Ball 1-1: SINGLE (Groundball, 34D, EV 100.6 MPH)
|
|
Batting: RHB Greg Legg
|
0-0: Ball 1-0: Called Strike 1-1: Ball 2-1: Grounds into double play, 5-4-3 (Groundball, 56S, EV 80.0 MPH)
|
|
Batting: SHB Cordie Dillard
|
0-0: Called Strike 0-1: Ball 1-1: SINGLE (Line Drive, 5D, EV 105.0 MPH)
|
|
Batting: RHB Terence Shoebridge
|
0-0: Fielders Choice at 2nd, 6-4 (Groundball, 6, EV 103.8 MPH)
|
| Bottom of the 2nd over - 0 runs, 2 hits, 0 errors, 1 left on base; Minot 0 - Medicine Hat 0 |
| TOP OF THE 3RD |
|
Minot Jets batting - Pitching for Medicine Hat Blue Jays : LHP Chris Green
|
|
Batting: RHB Jesus Aybar
|
0-0: Ball 1-0: Ball 2-0: Ball 3-0: Base on Balls
|
|
Batting: RHB Hugo Olivas
|
0-0: Called Strike 0-1: Ball 1-1: Fly out, F7 (Flyball, 7LD, EV 91.9 MPH) Runner from 1st tags up, SAFE at 2nd
|
|
Batting: RHB Tony Beal
|
0-0: Ball 1-0: Ball 2-0: Called Strike 2-1: Foul Ball, location: 2F 2-2: Ground out 6-3 (Groundball, 56, EV 101.3 MPH)
|
|
Batting: SHB Ken Kinnard
|
0-0: Ball 1-0: Fly out, F7 (Flyball, 7, EV 98.1 MPH)
|
| Top of the 3rd over - 0 runs, 0 hits, 0 errors, 1 left on base; Minot 0 - Medicine Hat 0 |
| BOTTOM OF THE 3RD |
|
Medicine Hat Blue Jays batting - Pitching for Minot Jets : RHP Ozzie Canseco
|
|
Batting: LHB Randall Curtis
|
0-0: Called Strike 0-1: Called Strike 0-2: Fly out, F7 (Flyball, 7, EV 74.4 MPH)
|
|
Batting: LHB Jeffrey Wilson
|
0-0: Called Strike 0-1: Swinging Strike 0-2: Fly out, F8 (Flyball, 8LM, EV 88.8 MPH)
|
|
Batting: RHB Burt Milley
|
0-0: Ball 1-0: Ground out 5-3 (Groundball, 56S, EV 90.6 MPH)
|
| Bottom of the 3rd over - 0 runs, 0 hits, 0 errors, 0 left on base; Minot 0 - Medicine Hat 0 |
| TOP OF THE 4TH |
|
Minot Jets batting - Pitching for Medicine Hat Blue Jays : LHP Chris Green
|
|
Batting: LHB Douglas Reibel
|
0-0: Called Strike 0-1: Ball 1-1: Foul Ball, location: 2F 1-2: Ball 2-2: Ball 3-2: Foul Ball, location: 2F 3-2: Fly out, F7 (Flyball, 7S, EV 89.4 MPH)
|
|
Batting: RHB Troy Afenir
|
0-0: Ball 1-0: DOUBLE (Flyball, 8RXD, EV 91.3 MPH)
|
|
Batting: RHB Jim Dickerson
|
0-0: Ball 1-0: Ball 2-0: Ball 3-0: Base on Balls
|
|
Batting: RHB William Phillips
|
0-0: Ball 1-0: Fly out, F7 (Flyball, 7LM, EV 98.1 MPH)
|
|
Batting: RHB Henry Gatewood
|
0-0: Ball 1-0: Ground out 1-3 (Groundball, 15S, EV 65.0 MPH)
|
| Top of the 4th over - 0 runs, 1 hit, 0 errors, 2 left on base; Minot 0 - Medicine Hat 0 |
| BOTTOM OF THE 4TH |
|
Medicine Hat Blue Jays batting - Pitching for Minot Jets : RHP Ozzie Canseco
|
|
Batting: RHB Elias Corona
|
0-0: Called Strike 0-1: Foul Ball, location: 2F 0-2: SINGLE (Groundball, 56D, EV 98.1 MPH)
|
|
Batting: RHB Carlos Ponce
|
0-0: Ball 1-0: Ball 2-0: Foul Ball, location: 2F 2-1: Ball 3-1: Fielders Choice at 2nd, 2-4 (Groundball, 2L, EV 65.6 MPH)
|
|
Batting: LHB Alberto Chino
|
0-0: Ball 1-0: Ball 2-0: Foul Ball, location: 2F 2-1: Ball 3-1: Foul Ball, location: 2F 3-2: Strikes out looking
|
|
Batting: RHB Greg Legg
|
0-0: Ball 1-0: Fielders Choice at 2nd, U4 (Groundball, 4M, EV 79.4 MPH)
|
| Bottom of the 4th over - 0 runs, 1 hit, 0 errors, 1 left on base; Minot 0 - Medicine Hat 0 |
| TOP OF THE 5TH |
|
Minot Jets batting - Pitching for Medicine Hat Blue Jays : LHP Chris Green
|
|
Batting: RHB Jesus Aybar
|
0-0: Ball 1-0: Ball 2-0: Called Strike 2-1: Swinging Strike 2-2: Fly out, F8 (Flyball, 8LD, EV 94.4 MPH)
|
|
Batting: RHB Hugo Olivas
|
0-0: Ball 1-0: Ball 2-0: Reached on error, E6 (Groundball, 6, EV 90.0 MPH)
|
|
Batting: RHB Tony Beal
|
0-0: Ball 1-0: Ball 2-0: Called Strike 2-1: Ball 3-1: Foul Ball, location: 2F 3-2: Foul Ball, location: 2F 3-2: Base on Balls Hugo Olivas to second
|
|
Batting: SHB Ken Kinnard
|
0-0: Called Strike 0-1: Ball 1-1: SINGLE (Groundball, 6MD, EV 101.3 MPH) Hugo Olivas to third Tony Beal to second Runner from 3rd tries for Home, SAFE, throw by CF to trailing runner, OUT at third! 8-3-5
|
|
Batting: LHB Douglas Reibel
|
0-0: Called Strike 0-1: Ball 1-1: Foul Ball, location: 2F 1-2: Ball 2-2: SINGLE (Line Drive, 78S, EV 95.6 MPH) Ken Kinnard to second
|
|
Batting: RHB Troy Afenir
|
0-0: Ball 1-0: Ball 2-0: Ball 3-0: Called Strike 3-1: Swinging Strike 3-2: Strikes out swinging
|
| Top of the 5th over - 1 run, 2 hits, 1 error, 2 left on base; Minot 1 - Medicine Hat 0 |
| BOTTOM OF THE 5TH |
|
Medicine Hat Blue Jays batting - Pitching for Minot Jets : RHP Ozzie Canseco
|
|
Batting: SHB Cordie Dillard
|
0-0: Ball 1-0: Ball 2-0: Fly out, F5 (Popup, 25F, EV 92.5 MPH)
|
|
Batting: RHB Terence Shoebridge
|
0-0: Called Strike 0-1: Fly out, F5 (Popup, 5SF, EV 77.5 MPH)
|
|
Batting: LHB Randall Curtis
|
0-0: Ground out 5-3 (Groundball, 5L, EV 84.4 MPH)
|
| Bottom of the 5th over - 0 runs, 0 hits, 0 errors, 0 left on base; Minot 1 - Medicine Hat 0 |
| TOP OF THE 6TH |
|
Minot Jets batting - Pitching for Medicine Hat Blue Jays : LHP Chris Green
|
|
Batting: RHB Jim Dickerson
|
0-0: Ball 1-0: Swinging Strike 1-1: Fly out, F8 (Flyball, 89M, EV 89.4 MPH)
|
|
Batting: RHB William Phillips
|
0-0: Ball 1-0: Foul Ball, location: 2F 1-1: Ball 2-1: Swinging Strike 2-2: Strikes out swinging
|
|
Batting: RHB Henry Gatewood
|
0-0: Ball 1-0: Called Strike 1-1: Fly out, F9 (Flyball, 89M, EV 88.8 MPH)
|
| Top of the 6th over - 0 runs, 0 hits, 0 errors, 0 left on base; Minot 1 - Medicine Hat 0 |
| BOTTOM OF THE 6TH |
|
Medicine Hat Blue Jays batting - Pitching for Minot Jets : RHP Ozzie Canseco
|
|
Batting: LHB Jeffrey Wilson
|
0-0: Ball 1-0: Ball 2-0: Ball 3-0: Base on Balls
|
|
Batting: RHB Burt Milley
|
0-0: Bunted foul 0-1: Ball 1-1: Sac Bunt to 23 - play at first, batter OUT! 3-4 Jeffrey Wilson to second
|
|
Batting: RHB Elias Corona
|
0-0: Ball 1-0: Ground out 5-3 (Groundball, 5L, EV 83.1 MPH)
|
|
Batting: RHB Carlos Ponce
|
0-0: Ball 1-0: Foul Ball, location: 2F 1-1: Ball 2-1: Ball 3-1: Foul Ball, location: 2F 3-2: SINGLE (Line Drive, 7LS, EV 98.1 MPH) Jeffrey Wilson to third Jeffrey Wilson scores
|
|
Batting: LHB Alberto Chino
|
0-0: Called Strike 0-1: Ball 1-1: SINGLE (Groundball, 6MS, EV 68.1 MPH) (infield hit) Carlos Ponce to second
|
|
Batting: RHB Greg Legg
|
0-0: Foul Ball, location: 2F 0-1: Ball 1-1: Ball 2-1: Foul Ball, location: 2F 2-2: Ball 3-2: Fly out, F8 (Flyball, 89D, EV 91.9 MPH)
|
| Bottom of the 6th over - 1 run, 2 hits, 0 errors, 2 left on base; Minot 1 - Medicine Hat 1 |
| TOP OF THE 7TH |
|
Minot Jets batting - Pitching for Medicine Hat Blue Jays : LHP Chris Green
|
|
Batting: RHB Jesus Aybar
|
0-0: Ball 1-0: Called Strike 1-1: Called Strike 1-2: Ball 2-2: Ball 3-2: Foul Ball, location: 2F 3-2: Strikes out swinging
|
|
Batting: RHB Hugo Olivas
|
0-0: Fly out, F7 (Flyball, 7, EV 91.3 MPH)
|
|
Batting: RHB Tony Beal
|
0-0: Ball 1-0: Ball 2-0: Ball 3-0: Called Strike 3-1: Base on Balls
|
|
Batting: SHB Ken Kinnard
|
0-0: Ball 1-0: SINGLE (Groundball, 34D, EV 95.0 MPH) Tony Beal to second Runner from 2nd tries for 3rd, SAFE, no throw by RF
|
|
Batting: LHB Douglas Reibel
|
0-0: Ball 1-0: Ball 2-0: Ball 3-0: Called Strike 3-1: Base on Balls Ken Kinnard to second
|
|
Batting: RHB Troy Afenir
|
0-0: Swinging Strike 0-1: Foul Ball, location: 2F 0-2: Strikes out swinging
|
| Top of the 7th over - 0 runs, 1 hit, 0 errors, 3 left on base; Minot 1 - Medicine Hat 1 |
| BOTTOM OF THE 7TH |
|
Medicine Hat Blue Jays batting - Pitching for Minot Jets : RHP Ozzie Canseco
|
|
Batting: SHB Cordie Dillard
|
0-0: Swinging Strike 0-1: Ball 1-1: Ball 2-1: Foul Ball, location: 2F 2-2: SINGLE (Groundball, 6D, EV 96.9 MPH)
|
|
Batting: RHB Terence Shoebridge
|
0-0: Ball 1-0: Ball 2-0: Ball 3-0: Base on Balls Cordie Dillard to second
|
|
Batting: LHB Randall Curtis
|
0-0: Foul Ball, location: 2F 0-1: Ball 1-1: Called Strike 1-2: Fly out, F3 (Line Drive, 3, EV 74.4 MPH)
|
|
Batting: LHB Jeffrey Wilson
|
0-0: Swinging Strike 0-1: Foul Ball, location: 2F 0-2: Foul Ball, location: 2F 0-2: Ball 1-2: Ground out U3 (Groundball, 34S, EV 72.5 MPH) Cordie Dillard to third Terence Shoebridge to second
|
|
Batting: RHB Burt Milley
|
0-0: Called Strike 0-1: Foul Ball, location: 2F 0-2: SINGLE (Line Drive, 8LS, EV 90.6 MPH) Cordie Dillard scores Terence Shoebridge to third Runner from 3rd tries for Home, SAFE, throw by CF to home
|
|
Batting: RHB Elias Corona
|
0-0: Ball Burt Milley steals 2nd base 1-0: Fly out, F8 (Line Drive, 8RM, EV 91.3 MPH)
|
| Bottom of the 7th over - 2 runs, 2 hits, 0 errors, 1 left on base; Minot 1 - Medicine Hat 3 |
| TOP OF THE 8TH |
|
Minot Jets batting - Pitching for Medicine Hat Blue Jays : LHP Chris Green
|
|
Batting: RHB Jim Dickerson
|
0-0: Called Strike 0-1: Foul Ball, location: 2F 0-2: Ball 1-2: SINGLE (Groundball, 56D, EV 105.0 MPH)
|
|
Batting: RHB William Phillips
|
0-0: Ball 1-0: Ball 2-0: SINGLE (Line Drive, 34D, EV 104.4 MPH) Jim Dickerson to second
|
|
Batting: RHB Henry Gatewood
|
0-0: Bunt missed! 0-1: Ball 1-1: Ball 2-1: Bunted foul 2-2: Foul Ball, location: 2F 2-2: Grounds into double play, 6-4-3 (Groundball, 6, EV 85.0 MPH) Jim Dickerson to third
|
|
Pitching: RHP Omar Bencomo
|
|
|
Batting: RHB Jesus Aybar
|
0-0: Called Strike 0-1: Called Strike 0-2: Strikes out looking
|
| Top of the 8th over - 0 runs, 2 hits, 0 errors, 1 left on base; Minot 1 - Medicine Hat 3 |
| BOTTOM OF THE 8TH |
|
Medicine Hat Blue Jays batting - Pitching for Minot Jets : RHP Ozzie Canseco
|
|
Batting: RHB Carlos Ponce
|
0-0: Foul Ball, location: 2F 0-1: Called Strike 0-2: Ball 1-2: Ground out 5-3 (Groundball, 5S, EV 79.4 MPH)
|
|
Batting: LHB Alberto Chino
|
0-0: Ball 1-0: Swinging Strike 1-1: Ball 2-1: Ball 3-1: Foul Ball, location: 2F 3-2: Foul Ball, location: 2F 3-2: SINGLE (Groundball, 34D, EV 93.8 MPH)
|
|
Batting: RHB Greg Legg
|
0-0: Ball 1-0: Fly out, F4 (Line Drive, 4, EV 68.1 MPH)
|
|
Batting: SHB Cordie Dillard
|
0-0: Swinging Strike 0-1: Ball Alberto Chino is caught stealing 2nd base 2-6
|
| Bottom of the 8th over - 0 runs, 1 hit, 0 errors, 0 left on base; Minot 1 - Medicine Hat 3 |
| TOP OF THE 9TH |
|
Minot Jets batting - Pitching for Medicine Hat Blue Jays : RHP Omar Bencomo
|
|
Now at 2B: Thomas Norko
|
|
|
Batting: RHB Hugo Olivas
|
0-0: Called Strike 0-1: Called Strike 0-2: Ball 1-2: Ground out 5-3 (Groundball, 56S, EV 75.6 MPH)
|
|
Batting: RHB Tony Beal
|
0-0: Fly out, F3 (Popup, 34, EV 80.6 MPH)
|
|
Batting: SHB Ken Kinnard
|
0-0: Ball 1-0: Foul Ball, location: 2F 1-1: Ball 2-1: Ball 3-1: Base on Balls
|
|
Batting: LHB Douglas Reibel
|
0-0: Ball 1-0: Ball 2-0: Foul Ball, location: 2F 2-1: Foul Ball, location: 2F 2-2: Foul Ball, location: 2F 2-2: Fly out, F5 (Popup, 56, EV 75.6 MPH)
|
| Top of the 9th over - 0 runs, 0 hits, 0 errors, 1 left on base; Minot 1 - Medicine Hat 3 |
|